 Dungeon Crawl Stone Soup version 0.29-a0-393-g47a863cc1b (webtiles) character file.

Game seed: 5077869859814034236

186 Hubjo the Magician (level 5, -1/31 HPs)
             Began as a Deep Elf Fire Elementalist on May 9, 2022.
             Was a Follower of the Shining One.
             Slain by a killer bee (2 damage)
             ... on level 3 of the Dungeon.
             The game lasted 00:04:15 (4080 turns).

Hubjo the Magician (Deep Elf Fire Elementalist)     Turns: 4080, Time: 00:04:16

Health: -1/31      AC:  2    Str:  5    XL:     5   Next: 38%
Magic:  4/13       EV: 13    Int: 20    God:    the Shining One [*.....]
Gold:   147        SH:  6    Dex: 17    Spells: 11/12 levels left

rFire   . . .      SeeInvis .   (no weapon)
rCold   . . .      Faith    .   (no shield)
rNeg    . . .      Spirit   .   a - +0 robe
rPois   .          Reflect  .   (no helmet)
rElec   .          Harm     .   (no cloak)
rCorr   .          Rampage  .   (no gloves)
Will    .....                   (no boots)
Stlth   +.........              h - amulet of the acrobat
HPRegen 0.10/turn               (no ring)
MPRegen 0.13/turn               (no ring)

@: lethally poisoned (-1 -> -15), divinely shielded, hasted, glowing, very quick
A: no striking features
a: Renounce Religion, Divine Shield


You were on level 3 of the Dungeon.
You worshipped the Shining One.
The Shining One was aware of your devotion.
You visited 1 branch of the dungeon, and saw 4 of its levels.

You collected 147 gold pieces.

Inventory:

Armour
 a - a +0 robe (worn)
 i - a +0 cloak
Jewellery
 h - an amulet of the acrobat (around neck)
 k - an amulet of guardian spirit
 l - an amulet of faith
Scrolls
 c - a scroll of identify
 g - a scroll of brand weapon
Potions
 b - 2 potions of magic
 d - a potion of brilliance
 j - 3 potions of degeneration


   Skills:
 * Level 2.5 Fighting
 - Level 2.4 Dodging
 + Level 3.9 Stealth
 + Level 4.2 Spellcasting
 - Level 1.1 Conjurations
 + Level 4.2 Fire Magic


You had 11 spell levels left.
You knew the following spells:

 Your Spells              Type           Power      Damage    Failure   Level
a - Foxfire               Conj/Fire      56%        2x1d6     4%          1

Your spell library contained the following spells:

 Spells                   Type           Power      Damage    Failure   Level
 Scorch                   Fire           42%        2d7       3%          2
 Apportation              Tloc           8%         N/A       13%         1
 Conjure Flame            Conj/Fire      14%        6-21      13%         3
 Inner Flame              Hex/Fire       12%        N/A       16%         3
 Flame Wave               Conj/Fire      14%        2d6       38%         4
 Alistair's Intoxication  Tmut/Pois      2%         N/A       98%         5


Dungeon Overview and Level Annotations

Branches:
Dungeon (4/15)
 Temple: D:4-7

Altars:
Qazlal
Uskayaw
The Shining One


Message History

The killer bee closely misses you.
The killer bee stings you but does no damage.
The killer bee attacks as you move away!
The killer bee barely misses you.
The killer bee attacks as you move away!
The killer bee barely misses you.
You feel sick.
There is a stone staircase leading up here.
You feel sick. The killer bee misses you. The killer bee barely misses you.
You climb upwards.
You feel sick.
There is a stone staircase leading down here.
You feel better. The killer bee stings you.
You are poisoned.
The killer bee poisons you! The killer bee closely misses you.
The killer bee barely misses you. The killer bee closely misses you.
The killer bee stings you! The killer bee stings you.
You feel better. The killer bee closely misses you.
The killer bee stings you but does no damage.
The killer bee barely misses you. A divine shield forms around you!
The killer bee stings you. The killer bee barely misses you.
The killer bee stings you!
You are poisoned.
The killer bee poisons you!
You feel sick. The killer bee completely misses you.
The killer bee misses you. x2
The killer bee stings you.
* * * LOW HITPOINT WARNING * * *
You are lethally poisoned!
The killer bee poisons you!
The killer bee stings you but does no damage.
You are too injured to fight recklessly!
You are too injured to fight recklessly!
Casting: Foxfire (safe; 4% risk of failure)
Confirm with . or Enter, or press ? or * to list all spells.
You conjure some foxfire!
* * * LOW HITPOINT WARNING * * *
You feel sick. The killer bee stings you.
* * * LOW HITPOINT WARNING * * *
The killer bee barely misses you. The killer bee closely misses you.
The killer bee attacks as you move away!
The killer bee stings you.
You die...

##......####..#.##.###
#.#
.....................#
#.#
#############.#.##.#.#
#.#
#.....#...........#.#
#.#
##.....#.#####...###.#
#.# .........# #.#.#
#.#######.# ##.......#
#...# #.#.......#
#.......# ##v.#
#.#.####### #.......#
####v@###.#.#
###.....#
#..(yyy...#.# #.....#
#.........#.#
#####'#.#
#.........#.#####
##.....#.#
#...............#
.......#.#
#.........#.###.#
.#.....#.#
#.........#<..#.#
.#.....#.#
#######'#.#.#.#.#
^#.....#.# #.#.#.#.#.#


You could see 3 killer bees.

Vanquished Creatures
  A killer bee (D:4)
  A howler monkey (D:3)
  4 adders
  A worm (D:3)
  2 orcs (D:3)
  6 endoplasms
  A giant cockroach (D:3)
  4 goblins
  3 hobgoblins
  4 jackals (D:3)
  7 kobolds
  2 quokkas
  7 ball pythons
  6 bats
  6 frilled lizards
  8 rats
63 creatures vanquished.

Vanquished Creatures (others)
  309 foxfires
309 creatures vanquished.

Grand Total: 372 creatures vanquished

Notes
Turn   | Place    | Note
-------+----------+-------------------------------------------
     0 | D:1      | Hubjo the Deep Elf Fire Elementalist began the quest for
                  | the Orb.
     0 | D:1      | Reached XP level 1. HP: 10/10 MP: 6/6
   642 | D:1      | Reached XP level 2. HP: 16/16 MP: 4/8
  1055 | D:1      | Found a faded altar of an unknown god.
  1073 | D:1      | Prayed at the altar of an unknown god.
  1073 | D:1      | Became a worshipper of the Shining One
  1073 | D:1      | Reached * piety under the Shining One
  1288 | D:1      | Reached skill level 1 in Fighting
  1486 | D:2      | Reached XP level 3. HP: 16/20 MP: 5/10
  2499 | D:3      | Reached XP level 4. HP: 25/26 MP: 7/11
  3546 | D:3      | Found a stormy altar of Qazlal.
  3546 | D:3      | Found a hide-covered altar of Uskayaw.
  3605 | D:3      | Reached XP level 5. HP: 30/30 MP: 10/13
  4079 | D:3      | HP: 1/31 [killer bee (6)]
  4080 | D:3      | Slain by a killer bee

Illustrated notes

Levels and vault maps discovered:
D:1:      nagdon_arrival_zigzag_paths, layout_basic,
          hellmonk_ecumenical_altar_lost_god
D:2:      layout_rooms
D:3:      layout_basic, jmf_multi_god_temple
D:4:      layout_cave_pools, slow_altar_1

Skill      XL: |  1  2  3  4 |
---------------+-------------+-----
Fighting       | 1 2 |  2.5
Stealth        | 3 |  3.9
Spellcasting   | 4 |  4.2
Fire Magic     | 4 |  4.2
Dodging        | |  2.4
Conjurations   | |  1.1

Action                   |  1- 3 |  4- 6 || total
-------------------------+-------+-------++-------
Melee: Unarmed           |     1 |    22 ||    23
 Cast: Foxfire           |   113 |    87 ||   200
Invok: Divine Shield     |       |     1 ||     1
  Use: Scroll            |       |     4 ||     4
       Potion            |       |     3 ||     3
Armor: Robe              |     4 |     6 ||    10
Dodge: Dodged            |    33 |    59 ||    92

Table legend: (Time is in decaauts)
 A = Elapsed time spent in this place.
 B = Non-inter-level travel time spent in this place.
 C = Inter-level travel time spent in this place.
 D = Time resting spent in this place.
 E = Time spent auto-exploring this place.
 F = Levels seen in this place.
 G = Mean time per level.
                   A        B        C        D        E       F      G
               +--------+--------+--------+--------+--------+-----+--------+
         Total |   4077 |   4032 |     45 |      0 |   3540 |   4 | 1019.2 |
       Dungeon |   4077 |   4032 |     45 |      0 |   3540 |   4 | 1019.2 |
               +--------+--------+--------+--------+--------+-----+--------+

Top non-repeatable levels by time:
     D:3: 1574 daAuts
     D:1: 1386 daAuts
     D:2: 1106 daAuts
     D:4: 10 daAuts
